 Dungeon Crawl Stone Soup version 0.25.0-11-g1f837a76a1 (webtiles) character file.

Game seed: 12842103773033876324

29216 Flugkiller the Covert (level 13, -4/121 HPs)
             Began as a Deep Dwarf Necromancer on June 26, 2020.
             Was a High Priest of Dithmenos.
             Slain by a white ugly thing (31 damage)
             ... on level 15 of the Dungeon.
             The game lasted 00:53:45 (14341 turns).

Flugkiller the Covert (Deep Dwarf Necromancer)     Turns: 14341, Time: 00:53:45

Health: -4/121     AC: 17    Str: 17    XL:     13   Next: 14%
Magic:  10/10      EV: 16    Int: 16    God:    Dithmenos [*****.]
Gold:   519        SH:  0    Dex: 25    Spells: 10/24 levels left

rFire    + . .     SeeInvis .   n - +5 broad axe (flame)
rCold    . . .     Gourm    .   (no shield)
rNeg     . . .     Faith    .   u - +1 ring mail {rF+}
rPois    .         Spirit   .   B - +2 helmet
rElec    .         Reflect  .   (no cloak)
rCorr    .         Harm     .   G - +2 pair of gloves
MR       +....                  l - +1 pair of boots {Fly}
Stlth    ++++++++..             (no amulet)
HPRegen  0.00/turn              q - +6 ring of dexterity
MPRegen  0.12/turn              y - +6 ring of dexterity

@: lethally poisoned (-4 -> -4), flying, non-regenerating, wreathed by umbra
A: damage resistance, heal wounds, sense surroundings 2, no regeneration
a: Heal Wounds, Shadow Step, Shadow Form, Renounce Religion, Stop Flying


You were on level 15 of the Dungeon.
You worshipped Dithmenos.
Dithmenos was extremely pleased with you.
You were not hungry.

You visited 3 branches of the dungeon, and saw 21 of its levels.
You also visited: Ice Cave.

You collected 751 gold pieces.
You spent 232 gold pieces at shops.

Inventory:

Hand Weapons
 h - a +2 whip of venom
   (You found it on level 4 of the Dungeon)
 n - a +5 broad axe of flaming (weapon)
   (You took it off Maggie on level 8 of the Dungeon)
 p - a +2 hand axe of electrocution
   (You took it off an orc on level 8 of the Dungeon)
 v - a +0 longbow
   (You found it on level 8 of the Dungeon)
 w - the +4 shortbow of Doom {venom, SInv}
   (You found it on level 9 of the Dungeon)

   It poisons the ammo it fires.
   It lets you see invisible.
Missiles
 x - 225 arrows
Armour
 g - a +0 chain mail
   (You took it off an orc priest on level 4 of the Dungeon)
 l - a +1 pair of boots of flying (worn)
   (You bought it in a shop on level 5 of the Dungeon)
 m - the +2 chain mail "Hero's Friend" {Str+4 Slay+2}
   (You found it on level 3 of the Lair of Beasts)

   It affects your strength (+4).
   It affects your accuracy and damage with ranged weapons and melee attacks
   (+2).
 u - a +1 ring mail of fire resistance (worn)
   (You took it off an orc on level 7 of the Dungeon)
 B - a +2 helmet (worn)
   (You found it on level 2 of the Lair of Beasts)
 G - a +2 pair of gloves (worn)
   (You found it on level 10 of the Dungeon)
 L - a +0 cloak
   (You found it on level 15 of the Dungeon)
Jewellery
 a - the ring "Xygil" {+Fly MR- Str+6 Dex+5}
   (You found it on level 3 of the Lair of Beasts)

   [ring of strength]

   It affects your strength (+6).
   It affects your dexterity (+5).
   It affects your resistance to hostile enchantments.
   It lets you fly.
 q - a +6 ring of dexterity (left hand)
   (You found it on level 6 of the Dungeon)
 y - a +6 ring of dexterity (right hand)
   (You found it on level 2 of the Lair of Beasts)
Wands
 b - a wand of acid (9)
   (You found it on level 4 of the Lair of Beasts)
 i - a wand of clouds (11)
   (You found it on level 6 of the Dungeon)
 C - a wand of flame (13)
   (You found it on level 3 of the Lair of Beasts)
Scrolls
 f - 6 scrolls of teleportation
 j - 3 scrolls of immolation
 k - a scroll of remove curse
 r - a scroll of magic mapping {unknown}
 t - 4 scrolls of holy word
 A - a scroll of amnesia
 H - a scroll of vulnerability {unknown}
 I - a scroll of blinking
 K - a scroll of identify
Potions
 d - 2 potions of brilliance
 e - 3 potions of haste
 o - a potion of lignification
 s - 2 potions of cancellation
 z - 4 potions of heal wounds
 D - 5 potions of degeneration {unknown}
 E - a potion of resistance {unknown}
 F - a potion of berserk rage {unknown}
 J - a potion of curing
Comestibles
 c - 15 rations


   Skills:
 - Level 9.3 Fighting
 - Level 8.2(8.5) Axes
 - Level 3.1(5.7) Maces & Flails
 - Level 8.3 Armour
 - Level 6.0 Dodging
 + Level 11.9 Stealth
 - Level 6.0 Spellcasting
 + Level 11.2 Necromancy
 - Level 4.0 Invocations
 - Level 7.0 Evocations


You had 10 spell levels left.
You knew the following spells:

 Your Spells              Type           Power        Failure   Level  Hunger
a - Pain                  Necr           ####         1%          1    None
b - Animate Skeleton      Necr           N/A          1%          1    None
c - Vampiric Draining     Necr           #####.....   1%          3    ##.....
d - Animate Dead          Necr           N/A          2%          4    ####...
e - Agony                 Necr           #####...     6%          5    ######.

Your spell library contained the following spells:

 Spells                   Type           Power        Failure   Level  Hunger
 Apportation              Tloc           #.....       22%         1    None
 Corona                   Hex            #......      22%         1    None
 Freeze                   Ice            #...         22%         1    None
 Magic Dart               Conj           #...         22%         1    None
 Summon Small Mammal      Summ           #...         22%         1    None
 Blink                    Tloc           N/A          34%         2    #......
 Call Imp                 Summ           #.......     34%         2    #......
 Slow                     Hex            #.......     34%         2    #......
 Conjure Flame            Conj/Fire      #.......     56%         3    ##.....
 Frozen Ramparts          Ice            #.....       56%         3    ##.....
 Mephitic Cloud           Conj/Pois/Air  #.......     56%         3    ##.....
 Ozocubu's Armour         Chrm/Ice       #.......     56%         3    ##.....
 Hailstorm                Conj/Ice       #.......     92%         4    ####...
 Summon Ice Beast         Ice/Summ       #.......     92%         4    ####...


Dungeon Overview and Level Annotations

Branches:
Dungeon (15/15)            Temple (1/1) D:5            Lair (6/6) D:8
 Shoals (0/4) Lair:3        Snake (0/4) Lair:3        IceCv (visited)
  Slime: Lair:5-6       Orc: D:9-12      Vaults: D:13-14     Depths: D:15

Altars:
Ashenzari
Dithmenos
Elyvilon
Gozag
Hepliaklqana
Kikubaaqudgha
Makhleb
Nemelex Xobeh
Okawaru
Qazlal
Ru
Sif Muna
Trog
Uskayaw
Wu Jian
Yredelemnul
Zin
The Shining One

Shops:
D:5 [}:

Annotations:
D:4 exclusions: orc and orc priest
D:7 exclusion: killer bee, Dowan
D:11 1 transporter
D:15 exclusions: hippogriff and 2 ugly things
Lair:2 exclusion: 5 blink frogs
Lair:6 exclusions: black mamba, 2 blink frogs, 4 dream sheep, hydra and water moccasin


Innate Abilities, Weirdness & Mutations

You are resistant to damage.
You can heal yourself by infusing magical energy.
You passively map the area around you.
You do not regenerate.


Message History

The green ugly thing basks in the mutagenic energy from its kin and changes!
The green ugly thing gores you but does no damage.
You feel sick.
You feel sick.
A green ugly thing comes into view.
You feel sick.
The green ugly thing basks in the mutagenic energy from its kin and changes!
The green ugly thing barely misses you.
The green ugly thing basks in the mutagenic energy from its kin and changes! x2
The cyan ugly thing basks in the mutagenic energy from its kin and changes!
You slash the white ugly thing! You burn the white ugly thing.
The white ugly thing is moderately wounded.
The white ugly thing tentacle-slaps you but does no damage.
You slice the white ugly thing!! You burn the white ugly thing.
The white ugly thing is severely wounded.
You closely miss the purple ugly thing.
Your shadow closely misses the white ugly thing.
Your shadow hits the purple ugly thing but does no damage.
You hear a horrible gurgling sound!
The white ugly thing barely misses you.
The purple ugly thing basks in the mutagenic energy from its kin and changes!
You slice the white ugly thing!! You burn the white ugly thing!
You kill the white ugly thing!
Dithmenos accepts your kill.
You barely miss the white ugly thing.
You hit the white ugly thing but do no damage.
The white ugly thing is lightly wounded.
You slash the white ugly thing! You burn the white ugly thing.
The white ugly thing closely misses you.
The white ugly thing barely misses you.
You closely miss the white ugly thing.
The white ugly thing is moderately wounded.
You slash the white ugly thing! You burn the white ugly thing.
Your shadow closely misses the white ugly thing.
Your shadow barely misses the white ugly thing.
The white ugly thing bites you but does no damage.
The white ugly thing kicks you.
* * * LOW HITPOINT WARNING * * *
The white ugly thing freezes you!!
* * * LOW HITPOINT WARNING * * *
You barely miss the white ugly thing.
The white ugly thing is moderately wounded.
You hit the white ugly thing. You burn the white ugly thing.
The white ugly thing misses you.
The white ugly thing bites you but does no damage.
Unknown command.
Your magical essence is drained by the effort!
You feel much better. The white ugly thing kicks you.
The white ugly thing freezes you!!
You die...

#########################
#...........u............
#####...#####...........
#...# #...#....... #..u#
#..#.#.....( #.uu#
#.#...#..... #.u@#
#..#.#...... #...#
#...#.......
#...#####...........
#..........)........ *
#................... *
....#####(........))
##...# #....?#####.
#...#* *#.....# #. *
.......# #.


You could see 4 ugly things.

Vanquished Creatures
  Josephine (Lair:5)
  2 hydras
  A death knight (D:15)
  3 two-headed ogres
  A centaur warrior (D:15)
  3 skeletal warriors (D:11)
  3 ugly things
  A black mamba (Lair:4)
  2 elephants (Lair:6)
  8 spiny frogs
  A gargoyle (D:10)
  A rime drake (Lair:3)
  2 komodo dragons
  Maggie (D:8)
  A queen bee (D:11)
  5 blink frogs (Lair:1)
  6 hippogriffs
  A shadow (D:11)
  18 yaks
  3 basilisks
  2 wyverns
  Eustachio (D:3)
  A vampire mosquito (D:15)
  2 hungry ghosts
  5 wraiths
  A steam dragon (D:8)
  2 wargs (D:8)
  2 nagas (Lair:3)
  A soldier ant (shapeshifter) (D:13)
  An acid dragon (D:11)
  3 porcupines
  7 water moccasins
  A black bear (D:6)
  3 orc warriors
  An eye of draining (D:8)
  2 phantoms
  3 ice beasts
  2 sky beasts
  An ogre (D:11)
  8 wolves
  4 centaurs
  A crocodile (Lair:1)
  10 bullfrogs
  A scorpion (D:8)
  20 killer bees
  A wight (D:13)
  3 howler monkeys
  7 crimson imps
  2 bullfrog zombies
  6 hounds
  4 jellies
  10 orc priests
  2 bullfrog skeletons
  14 orc wizards
  3 centaur skeletons
  2 gnoll shamans (D:5)
  3 iguanas
  3 hell rats (Lair:6)
  5 worker ants
  A hound zombie (D:10)
  2 hound skeletons
  A worker ant zombie (D:9)
  8 gnolls (D:5)
  13 adders
  2 shadow imps
  An adder zombie (D:6)
  2 worms
  8 dart slugs
  4 leopard geckos
  41 orcs
  2 bats
  6 giant cockroaches
  5 goblins
  5 hobgoblins
  8 jackals
  3 quokkas
  3 ball pythons
  3 frilled lizards
  3 kobolds
  2 quokka skeletons
  3 rats
  2 plants
342 creatures vanquished.

Vanquished Creatures (collateral kills)
  A centaur warrior (D:15)
  2 elephants (Lair:6)
  3 spiny frogs
  A komodo dragon (Lair:6)
  A hippogriff (D:9)
  A yak (D:8)
  A basilisk (Lair:6)
  2 water moccasins (Lair:6)
  2 centaurs (D:15)
  A crocodile (Lair:1)
  A centaur zombie (D:8)
  A bullfrog skeleton (D:4)
  An orc (D:6)
  A butterfly (Lair:1)
  A plant (Lair:1)
20 creatures vanquished.

Vanquished Creatures (others)
  A bush (Lair:6)
  5 fungi
  11 plants
17 creatures vanquished.

Grand Total: 379 creatures vanquished

Notes
Turn   | Place    | Note
-------+----------+-------------------------------------------
     0 | D:1      | Flugkiller the Deep Dwarf Necromancer began the quest for
                  | the Orb.
     0 | D:1      | Reached XP level 1. HP: 15/15 MP: 3/3
   149 | D:1      | Reached skill level 1 in Fighting
   149 | D:1      | Reached XP level 2. HP: 16/25 MP: 0/5
   460 | D:2      | Found a glowing golden altar of the Shining One.
   541 | D:2      | Reached skill level 1 in Axes
   550 | D:2      | Reached XP level 3. HP: 28/31 MP: 1/6
   664 | D:2      | Learned a level 3 spell: Vampiric Draining
   666 | D:2      | Learned a level 1 spell: Animate Skeleton
   975 | D:2      | Reached XP level 4. HP: 22/38 MP: 2/7
  1175 | D:3      | Reached XP level 5. HP: 17/44 MP: 0/8
  1598 | D:3      | Reached skill level 5 in Necromancy
  1940 | D:4      | Reached XP level 6. HP: 18/51 MP: 1/10
  2154 | D:4      | Noticed Eustachio
  2224 | D:3      | Killed Eustachio
  2247 | D:4      | Reached XP level 7. HP: 15/61 MP: 4/11
  2645 | D:5      | Entered Level 5 of the Dungeon
  2645 | D:5      | Found Meavosuc's Book Shop.
  2746 | D:5      | Found Azer's Gadget Shop.
  3013 | D:5      | Reached skill level 1 in Armour
  3420 | D:5      | Found a staircase to the Ecumenical Temple.
  3432 | Temple   | Entered the Ecumenical Temple
  3476 | Temple   | Became a worshipper of Dithmenos the Shadowed
  3549 | D:5      | Reached XP level 8. HP: 32/73 MP: 0/10
  3611 | D:5      | Reached skill level 5 in Fighting
  3694 | D:5      | Found Weaf's Antique Armour Shoppe.
  3731 | D:5      | Reached skill level 1 in Maces & Flails
  4040 | D:6      | Found a sparkling altar of Nemelex Xobeh.
  4169 | D:6      | Found an ornate altar of the Wu Jian Council.
  4175 | D:6      | Found an opulent altar of Gozag.
  4495 | D:6      | Reached skill level 1 in Evocations
  5139 | D:7      | Noticed Dowan
  5543 | D:7      | Reached * piety under Dithmenos
  5618 | D:7      | Noticed a hippogriff
  5632 | D:7      | Reached skill level 5 in Dodging
  5720 | D:7      | Killed a hippogriff
  5720 | D:7      | Gained mutation: You passively map the area around you.
                  | [Deep Dwarf growth]
  5720 | D:7      | Reached XP level 9. HP: 42/82 MP: 3/11
  6138 | D:8      | Learned a level 4 spell: Animate Dead
  6482 | D:8      | Noticed a two-headed ogre
  6603 | D:8      | Found a staircase to the Lair.
  6688 | D:8      | Found a hazy altar of Hepliaklqana.
  6694 | D:8      | Noticed Maggie
  6703 | D:8      | Killed Maggie
  6731 | Lair:1   | Entered Level 1 of the Lair of Beasts
  6861 | D:8      | Reached XP level 10. HP: 66/96 MP: 1/13
  6867 | D:8      | Reached ** piety under Dithmenos
  7149 | D:8      | Reached skill level 5 in Axes
  7164 | D:9      | Got a fine shortbow
  7178 | D:9      | Found a stormy altar of Qazlal.
  7322 | D:7      | Identified the +4 shortbow of Doom {venom, SInv} (You found
                  | it on level 9 of the Dungeon)
  7761 | D:8      | Killed a two-headed ogre
  7842 | D:8      | Found a hide-covered altar of Uskayaw.
  8214 | Lair:1   | Found a bloodstained altar of Trog.
  8274 | Lair:1   | Noticed a spiny frog
  8286 | Lair:1   | Killed a spiny frog
  8402 | Lair:1   | Noticed a spiny frog
  8403 | Lair:1   | Noticed a spiny frog
  8407 | Lair:1   | Noticed a spiny frog
  8423 | Lair:1   | Killed a spiny frog
  8423 | Lair:1   | Reached skill level 5 in Armour
  8423 | Lair:1   | Reached XP level 11. HP: 22/106 MP: 3/11
  8434 | Lair:1   | Reached *** piety under Dithmenos
  9162 | Lair:2   | Noticed a five-headed hydra
  9255 | Lair:2   | HP: 2/106 [spiny frog (15)]
  9414 | Lair:2   | HP: 4/106 [wyvern (15)]
  9785 | Lair:2   | Killed a one-headed hydra
 10013 | Lair:3   | Got a twisted chain mail
 10028 | Lair:3   | Identified the +2 chain mail "Hero's Friend" {Str+4 Slay+2}
                  | (You found it on level 3 of the Lair of Beasts)
 10182 | Lair:3   | Found a staircase to the Snake Pit.
 10521 | D:9      | Reached **** piety under Dithmenos
 10582 | D:10     | Entered Level 10 of the Dungeon
 10648 | D:10     | Reached skill level 5 in Stealth
 10924 | D:5      | Bought a pair of glowing boots for 232 gold pieces
 11131 | D:11     | Noticed a skeletal warrior
 11135 | D:11     | Found a transporter.
 11203 | D:11     | Noticed a purple ugly thing
 11210 | D:11     | Killed a purple ugly thing
 11598 | Lair:3   | Noticed a seven-headed hydra
 11637 | Lair:3   | Got a brightly glowing bone ring
 11639 | Lair:3   | Identified the ring "Xygil" {+Fly MR- Str+6 Dex+5} (You
                  | found it on level 3 of the Lair of Beasts)
 11713 | Lair:4   | Reached XP level 12. HP: 33/114 MP: 2/9
 11853 | Lair:4   | Noticed a five-headed hydra
 12009 | Lair:5   | Noticed Josephine
 12074 | Lair:5   | Killed Josephine
 12268 | Lair:6   | Entered Level 6 of the Lair of Beasts
 12277 | Lair:5   | Learned a level 5 spell: Agony
 12370 | Lair:6   | Noticed a seven-headed hydra
 12392 | Lair:6   | Killed a four-headed hydra
 12392 | Lair:6   | Reached skill level 5 in Evocations
 12722 | Lair:6   | Reached skill level 10 in Stealth
 12795 | Lair:6   | Noticed a six-headed hydra
 13153 | D:11     | Reached skill level 10 in Necromancy
 13251 | D:11     | Reached ***** piety under Dithmenos
 13294 | D:11     | Reached skill level 5 in Spellcasting
 13308 | D:11     | HP: 3/114 [skeletal warrior/+0 battleaxe[a skeletal
                  | warrior] (17)]
 13589 | D:12     | Noticed a two-headed ogre
 13701 | D:12     | Noticed a two-headed ogre
 13714 | D:12     | Killed a two-headed ogre
 13822 | D:11     | Noticed a two-headed ogre
 13918 | D:13     | You are sucked into a shaft and drop 2 floors!
 13918 | D:15     | Entered Level 15 of the Dungeon
 13932 | D:15     | Noticed a death knight
 13980 | D:15     | Killed a death knight
 14068 | D:15     | Found a frozen archway.
 14069 | D:15     | Noticed a centaur warrior
 14072 | D:15     | Noticed a two-headed ogre
 14078 | D:15     | Killed a centaur warrior
 14078 | D:15     | Reached XP level 13. HP: 37/121 MP: 11/11
 14204 | IceCv    | Entered an ice cave
 14339 | D:15     | HP: 4/121 [white ugly thing (28)]
 14341 | D:15     | Slain by a white ugly thing

Illustrated notes

Levels and vault maps discovered:
D:1:      beargit_arrival_greenhouse, layout_rooms,
          chequers_serial_rivers_marsh, hex_tiny
D:2:      layout_basic, tso_altar
D:3:      kennysheep_slugbush, layout_basic, first_ration, glass_columns_c
D:4:      layout_basic, uniq_eustachio
D:5:      layout_cave_pods, minmay_temple_entry_tees, serial_shops,
          nicolae_shop_overgrown_old_shop, shop, shop
D:6:      layout_rooms, grunt_temple_overflow_open, basic_altar
D:7:      layout_gridville, grunt_ogre_cave, st_stairs_3, uniq_duvessa
D:8:      layout_cave_pools, lemuel_round_altar, kennysheep_mini_moat,
          erik_lair_orcish_takeover, uniq_maggie
D:9:      layout_roguey, lemuel_round_altar, minmay_orc_keep
D:10:     layout_cross
D:11:     layout_rooms, gammafunk_ghost_abyssal_escape, special_room
          [special_room_bee]
D:12:     layout_loops_ring, erik_orc_1
D:13:     layout_rooms, special_room [special_room_orc]
D:15:     grunt_enter_depths_magical_seal, layout_long_grid,
          portal_ice_cave_entry_pillars_2, serial_bayou_pond_b
Temple:   eino_temple_rhombus
Lair:1:   layout_concentric_octagons, special_room, basic_altar,
          lemuel_fruit_fields, grunt_megastairs_4
Lair:2:   layout_layer_cave
Lair:3:   layout_cave_pods, minmay_shoals_entry_hut,
          guppyfry_snake_entry_island, serial_bayou_lake_a
Lair:4:   layout_cave_pods, grunt_forest_stairs_basic
Lair:5:   layout_hall_layers, slime_altar_1, worms_lemuel, uniq_josephine
Lair:6:   grunt_lair_end_beastmaster, layout_regular_city, patterned_corridor,
          lemuel_fruit_tree, infiniplex_staircase_pool_2,
          minmay_lair_oklob_chamber, grunt_megastairs_3, serial_bayou_shore_b

Skill      XL: |  1  2  3  4  5  6  7  8  9 10 11 12 13 |
---------------+----------------------------------------+-----
Spellcasting   | 2 3 4 5 6 |  6.0
Fighting       | 1 2 4 6 8 9 |  9.3
Axes           | 1 3 4 7 8 |  8.2
Necromancy     | 5 6 7 9 10 11 | 11.2
Dodging        | 3 4 6 |  6.0
Armour         | 3 4 5 8 |  8.3
Maces & Flails | 3 |  3.1
Evocations     | 3 7 |  7.0
Invocations    | 3 4 |  4.0
Stealth        | 8 11 | 11.9

Action                   |  1- 3 |  4- 6 |  7- 9 | 10-12 | 13-15 || total
-------------------------+-------+-------+-------+-------+-------++-------
Melee: Unarmed           |    42 |       |       |       |       ||    42
       Hand axe          |    39 |   120 |    58 |    50 |       ||   267
       Whip              |       |       |   228 |       |       ||   228
       Broad axe         |       |       |       |   410 |    33 ||   443
 Fire: Shortbow          |       |       |       |    12 |       ||    12
 Cast: Pain              |    34 |    18 |    30 |     7 |       ||    89
       Animate Skeleton  |     2 |     5 |     9 |    25 |       ||    41
       Vampiric Draining |       |    28 |    78 |    89 |     8 ||   203
       Animate Dead      |       |       |       |     8 |     1 ||     9
 Abil: Heal Wounds       |     1 |     3 |    12 |    25 |     3 ||    44
Evoke: Wand              |       |       |     5 |     4 |       ||     9
  Use: Potion            |       |     2 |       |     2 |       ||     4
       Scroll            |       |       |    11 |    12 |       ||    23
 Stab: Sleeping          |     1 |       |     1 |     6 |     2 ||    10
       Paralysed         |       |       |     9 |       |       ||     9
       Distracted        |       |       |       |       |     1 ||     1
  Eat: Chunk             |     1 |     6 |    13 |    12 |       ||    32
       Ration            |       |       |     4 |     7 |     1 ||    12
Armor: Robe              |    13 |    28 |    29 |       |       ||    70
       Ring mail         |       |       |    42 |   147 |    24 ||   213
       Plate armour      |       |       |       |     6 |       ||     6
       Skin              |       |       |       |    21 |       ||    21
       Chain mail        |       |       |       |    74 |       ||    74
Dodge: Dodged            |    79 |   110 |   333 |   609 |    74 ||  1205
